PAA
MYRTLE BEACH MERMEN @ SUN PRAIRIE SWALLOWS
08/30/2023
 
TOP OF THE 1ST
Myrtle Beach Mermen batting - Pitching for Sun Prairie Swallows : RHP Zane Reed
Pitching: RHP Zane Reed
Batting: LHB Juan Villanueva 0-0: Ball
1-0: Foul Ball, location: 2F
1-1: Swinging Strike
1-2: Ball
2-2: SINGLE (Line Drive, 78S)
Batting: RHB Matt Love 0-0: Foul Ball, location: 2F
0-1: Foul Ball, location: 2F
0-2: Foul Ball, location: 2F
0-2: Foul Ball, location: 2F
0-2: Ball
1-2: Ball
2-2: Ball
3-2: Fly out, F6 (Popup, 78S)
Batting: RHB Jorge Baker 0-0: Ball
1-0: Foul Ball, location: 2F
1-1: Ball
Juan Villanueva is caught stealing 2nd base
2-1: Foul Ball, location: 2F
2-2: Ball
3-2: Base on Balls
Batting: LHB Joe Cashmore 0-0: Ball
1-0: Called Strike
1-1: Foul Ball, location: 2F
1-2: Ball
2-2: Ball
3-2: Strikes out looking
Top of the 1st over - 0 run(s), 1 hit(s), 0 error(s), 1 left on base; Myrtle Beach 0 - Sun Prairie 0
BOTTOM OF THE 1ST
Sun Prairie Swallows batting - Pitching for Myrtle Beach Mermen : RHP José Martínez
Pitching: RHP José Martínez
Batting: RHB José Silva 0-0: Called Strike
0-1: Ground out 5-3 (Groundball, 5)
Batting: RHB Bob Wilson 0-0: Ball
1-0: SINGLE (Line Drive, 56)
Batting: RHB Luis Tapia 0-0: Swinging Strike
0-1: Called Strike
0-2: Grounds into double play, 6-4-3 (Groundball, 56)
Bottom of the 1st over - 0 run(s), 1 hit(s), 0 error(s), 0 left on base; Myrtle Beach 0 - Sun Prairie 0
TOP OF THE 2ND
Myrtle Beach Mermen batting - Pitching for Sun Prairie Swallows : RHP Zane Reed
Batting: RHB Scott Zijm 0-0: Ball
1-0: Ball
2-0: Ball
3-0: Called Strike
3-1: Foul Ball, location: 2F
3-2: Foul Ball, location: 2F
3-2: Base on Balls
Batting: RHB José Caballero 0-0: Ball
1-0: Grounds into double play, 6-4-3 (Groundball, 6)
Batting: RHB Carlos Gómez 0-0: Swinging Strike
0-1: Fly out, F8 (Flyball, 8RD)
Top of the 2nd over - 0 run(s), 0 hit(s), 0 error(s), 0 left on base; Myrtle Beach 0 - Sun Prairie 0
BOTTOM OF THE 2ND
Sun Prairie Swallows batting - Pitching for Myrtle Beach Mermen : RHP José Martínez
Batting: SHB Chris Murray 0-0: Foul Ball, location: 2F
0-1: Called Strike
0-2: Strikes out swinging
Batting: RHB Matías Torrella 0-0: Called Strike
0-1: SINGLE (Line Drive, 9S)
Batting: RHB Darby Carveth 0-0: Swinging Strike
0-1: Ball
1-1: Ball
2-1: Foul Ball, location: 2F
2-2: Foul Ball, location: 2F
2-2: Strikes out swinging
Batting: RHB Scott Forrest 0-0: Called Strike
0-1: Ball
1-1: SINGLE (Line Drive, 9LS)
Matías Torrella to second
Batting: RHB Alfonso López 0-0: Called Strike
0-1: Fly out, F9 (Flyball, 9S)
Bottom of the 2nd over - 0 run(s), 2 hit(s), 0 error(s), 2 left on base; Myrtle Beach 0 - Sun Prairie 0
TOP OF THE 3RD
Myrtle Beach Mermen batting - Pitching for Sun Prairie Swallows : RHP Zane Reed
Batting: RHB Jimmy Dawson 0-0: Ball
1-0: Ball
2-0: Ball
3-0: Base on Balls
Batting: SHB David Vázquez 0-0: Called Strike
Jimmy Dawson is caught stealing 2nd base
0-1: Fly out, F5 (Popup, 5F)
Batting: LHB Juan Villanueva 0-0: Ball
1-0: SINGLE (Groundball, 34D)
Batting: RHB Matt Love 0-0: Called Strike
0-1: Ball
1-1: Called Strike
1-2: Ball
2-2: Ground out 4-3 (Groundball, 4)
Top of the 3rd over - 0 run(s), 1 hit(s), 0 error(s), 1 left on base; Myrtle Beach 0 - Sun Prairie 0
BOTTOM OF THE 3RD
Sun Prairie Swallows batting - Pitching for Myrtle Beach Mermen : RHP José Martínez
Batting: RHB Reece White 0-0: SINGLE (Line Drive, 56D)
Batting: RHB José Silva 0-0: Grounds into double play, 4-6-3 (Groundball, 4)
Batting: RHB Bob Wilson 0-0: Ground out 6-3 (Groundball, 6)
Bottom of the 3rd over - 0 run(s), 1 hit(s), 0 error(s), 0 left on base; Myrtle Beach 0 - Sun Prairie 0
TOP OF THE 4TH
Myrtle Beach Mermen batting - Pitching for Sun Prairie Swallows : RHP Zane Reed
Batting: RHB Jorge Baker 0-0: Foul Ball, location: 2F
0-1: Ball
1-1: Ball
2-1: Ground out U3 (Groundball, 3S)
Batting: LHB Joe Cashmore 0-0: Ground out 4-3 (Groundball, 4)
Batting: RHB Scott Zijm 0-0: Ball
1-0: Called Strike
1-1: Fly out, F9 (Flyball, 9M)
Top of the 4th over - 0 run(s), 0 hit(s), 0 error(s), 0 left on base; Myrtle Beach 0 - Sun Prairie 0
BOTTOM OF THE 4TH
Sun Prairie Swallows batting - Pitching for Myrtle Beach Mermen : RHP José Martínez
Batting: RHB Luis Tapia 0-0: Ball
1-0: SINGLE (Line Drive, 8LS)
Batting: SHB Chris Murray 0-0: Called Strike
0-1: Foul Ball, location: 2F
0-2: Ball
1-2: Strikes out swinging
Batting: RHB Matías Torrella 0-0: Ball
1-0: Ball
2-0: Ball
Wild Pitch!
Luis Tapia to second
3-0: Called Strike
3-1: SINGLE (Line Drive, 78S)
Luis Tapia to third
Runner from 3rd tries for Home, SAFE, throw made home
Matías Torrella to second
Batting: RHB Darby Carveth 0-0: DOUBLE (Flyball, 7LM)
Matías Torrella scores
Batting: RHB Scott Forrest 0-0: Called Strike
0-1: Fly out, F9 (Popup, 34D)
Batting: RHB Alfonso López 0-0: Ground out 6-3 (Groundball, 6)
Bottom of the 4th over - 2 run(s), 3 hit(s), 0 error(s), 1 left on base; Myrtle Beach 0 - Sun Prairie 2
TOP OF THE 5TH
Myrtle Beach Mermen batting - Pitching for Sun Prairie Swallows : RHP Zane Reed
Batting: RHB José Caballero 0-0: Ball
1-0: Fly out, F8 (Flyball, 8RM)
Batting: RHB Carlos Gómez 0-0: Called Strike
0-1: Called Strike
0-2: DOUBLE (Groundball, 5L)
Batting: RHB Jimmy Dawson 0-0: SINGLE (Groundball, 6)
Carlos Gómez to third
Runner from 3rd tries for Home, SAFE, throw made home
Jimmy Dawson to second
Batting: SHB David Vázquez 0-0: Ball
1-0: Called Strike
1-1: Fly out, F9 (Popup, 34D)
Batting: LHB Juan Villanueva 0-0: Foul Ball, location: 2F
0-1: Foul Ball, location: 2F
0-2: Ball
1-2: Ground out 6-3 (Groundball, 6)
Top of the 5th over - 1 run(s), 2 hit(s), 0 error(s), 1 left on base; Myrtle Beach 1 - Sun Prairie 2
BOTTOM OF THE 5TH
Sun Prairie Swallows batting - Pitching for Myrtle Beach Mermen : RHP José Martínez
Batting: RHB Reece White 0-0: Ball
1-0: Called Strike
1-1: Called Strike
1-2: Ball
2-2: Strikes out swinging
Batting: RHB José Silva 0-0: Ball
1-0: Foul Ball, location: 2F
1-1: Swinging Strike
1-2: Ground out 4-3 (Groundball, 4M)
Batting: RHB Bob Wilson 0-0: Foul Ball, location: 2F
0-1: Ground out 1-3 (Groundball, 23)
Bottom of the 5th over - 0 run(s), 0 hit(s), 0 error(s), 0 left on base; Myrtle Beach 1 - Sun Prairie 2
TOP OF THE 6TH
Myrtle Beach Mermen batting - Pitching for Sun Prairie Swallows : RHP Zane Reed
Batting: RHB Matt Love 0-0: Called Strike
0-1: Called Strike
0-2: Strikes out looking
Batting: RHB Jorge Baker 0-0: Called Strike
0-1: Foul Ball, location: 2F
0-2: Ball
1-2: Strikes out swinging
Batting: LHB Joe Cashmore 0-0: Ball
1-0: Called Strike
1-1: Ball
2-1: Fly out, F6 (Popup, 5D)
Top of the 6th over - 0 run(s), 0 hit(s), 0 error(s), 0 left on base; Myrtle Beach 1 - Sun Prairie 2
BOTTOM OF THE 6TH
Sun Prairie Swallows batting - Pitching for Myrtle Beach Mermen : RHP José Martínez
Batting: RHB Luis Tapia 0-0: Ball
1-0: Ball
2-0: Fly out, F9 (Flyball, 9LS)
Batting: SHB Chris Murray 0-0: Ball
1-0: Ball
2-0: Swinging Strike
2-1: Foul Ball, location: 2F
2-2: Strikes out swinging
Batting: RHB Matías Torrella 0-0: Called Strike
0-1: SINGLE (Line Drive, 56)
Batting: RHB Darby Carveth 0-0: Ball
1-0: Ball
2-0: Called Strike
2-1: Ground out 5-3 (Groundball, 56)
Bottom of the 6th over - 0 run(s), 1 hit(s), 0 error(s), 1 left on base; Myrtle Beach 1 - Sun Prairie 2
TOP OF THE 7TH
Myrtle Beach Mermen batting - Pitching for Sun Prairie Swallows : RHP Zane Reed
Batting: RHB Scott Zijm 0-0: Called Strike
0-1: Called Strike
0-2: Foul Ball, location: 2F
0-2: Ball
1-2: Foul Ball, location: 2F
1-2: Foul Ball, location: 2F
1-2: Foul Ball, location: 2F
1-2: Ball
2-2: Ball
3-2: SINGLE (Groundball, 56D)
Batting: RHB José Caballero 0-0: Bunted foul
0-1: Sac Bunt - play at second, runner OUT! 3-6
Batting: RHB Carlos Gómez 0-0: Called Strike
0-1: Fly out, F8 (Flyball, 8LM)
Pinch Hitting: RHB Javier Robles 0-0: Ball
1-0: Foul Ball, location: 2F
1-1: Foul Ball, location: 2F
1-2: Strikes out swinging
Top of the 7th over - 0 run(s), 1 hit(s), 0 error(s), 1 left on base; Myrtle Beach 1 - Sun Prairie 2
BOTTOM OF THE 7TH
Sun Prairie Swallows batting - Pitching for Myrtle Beach Mermen : RHP José Martínez
Now at SS: Javier Robles
Batting: RHB Scott Forrest 0-0: Ball
1-0: Called Strike
1-1: Ball
2-1: Foul Ball, location: 2F
2-2: Fly out, F9 (Popup, 3D)
Batting: RHB Alfonso López 0-0: Swinging Strike
0-1: Called Strike
0-2: Ball
1-2: Ball
2-2: Strikes out looking
Batting: RHB Reece White 0-0: Fly out, F5 (Popup, 5SF)
Bottom of the 7th over - 0 run(s), 0 hit(s), 0 error(s), 0 left on base; Myrtle Beach 1 - Sun Prairie 2
TOP OF THE 8TH
Myrtle Beach Mermen batting - Pitching for Sun Prairie Swallows : RHP Zane Reed
Now at 2B: Dan Hart
Batting: SHB David Vázquez 0-0: Called Strike
0-1: Foul Ball, location: 2F
0-2: Fly out, F8 (Flyball, 8RM)
Batting: LHB Juan Villanueva 0-0: Fly out, F9 (Flyball, 89M)
Batting: RHB Matt Love 0-0: Ball
1-0: Ball
2-0: Called Strike
2-1: Called Strike
2-2: Fly out, F9 (Flyball, 89M)
Top of the 8th over - 0 run(s), 0 hit(s), 0 error(s), 0 left on base; Myrtle Beach 1 - Sun Prairie 2
BOTTOM OF THE 8TH
Sun Prairie Swallows batting - Pitching for Myrtle Beach Mermen : RHP José Martínez
Batting: RHB José Silva 0-0: Called Strike
0-1: Fly out, F8 (Flyball, 89M)
Batting: RHB Bob Wilson 0-0: Ball
1-0: Ball
2-0: Ball
3-0: Called Strike
3-1: DOUBLE (Groundball, 5D)
Batting: RHB Luis Tapia 0-0: Intentional Walk
Batting: SHB Chris Murray 0-0: Ball
Wild Pitch!
Bob Wilson to third
Luis Tapia to second
1-0: Intentional Walk
Pinch Hitting: RHB Jim Unknown 0-0: Swinging Strike
0-1: Ball
1-1: Fly out, F9 (Flyball, 89S)
Pinch Hitting: SHB Christos Galpin 0-0: Called Strike
0-1: Fly out, F6 (Popup, 56D)
Bottom of the 8th over - 0 run(s), 1 hit(s), 0 error(s), 3 left on base; Myrtle Beach 1 - Sun Prairie 2
TOP OF THE 9TH
Myrtle Beach Mermen batting - Pitching for Sun Prairie Swallows : RHP Zane Reed
Pitching: RHP Emory Bryant
Now at 3B: Aurelio Costello
Now in RF: Jim Unknown
Batting: RHB Jorge Baker 0-0: Ball
1-0: Foul Ball, location: 2F
1-1: Foul Ball, location: 2F
1-2: Ball
2-2: Ground out 4-3 (Groundball, 4M)
Batting: LHB Joe Cashmore 0-0: Called Strike
0-1: SINGLE (Groundball, 56D)
Batting: RHB Scott Zijm 0-0: Ball
1-0: Ball
2-0: Foul Ball, location: 2F
2-1: Ball
3-1: Base on Balls
Joe Cashmore to second
Pinch Runner at 2nd Scott Peterson:
Pinch Hitting: SHB Avery Little 0-0: Called Strike
0-1: SINGLE (Line Drive, 34D)
Scott Peterson to third
Scott Zijm to second
Runner from 3rd tries for Home, SAFE, no throw or cutoff
Batting: RHB Carlos Gómez 0-0: Ball
1-0: Called Strike
1-1: SINGLE (Line Drive, 3D)
Scott Zijm to third
Avery Little to second
Runner from 3rd tries for Home, SAFE, no throw or cutoff
Pinch Runner at 2nd Steven Johnstone:
Batting: RHB Javier Robles 0-0: Swinging Strike
0-1: Ground out 5-3 (Groundball, 5L)
Steven Johnstone to third
Carlos Gómez to second
Batting: SHB David Vázquez 0-0: Called Strike
0-1: Ball
1-1: Foul Ball, location: 2F
1-2: Ball
2-2: Strikes out swinging
Top of the 9th over - 2 run(s), 3 hit(s), 0 error(s), 2 left on base; Myrtle Beach 3 - Sun Prairie 2
BOTTOM OF THE 9TH
Sun Prairie Swallows batting - Pitching for Myrtle Beach Mermen : RHP José Martínez
Pitching: RHP Culley Adjeng
Now at 1B: Steven Johnstone
Now in RF: Scott Peterson
Batting: RHB Scott Forrest 0-0: Ball
1-0: Ball
2-0: Ball
3-0: Called Strike
3-1: Ground out 5-3 (Groundball, 5L)
Batting: RHB Alfonso López 0-0: Reached on error, E5 (Groundball, 56)
Pinch Hitting: RHB Marcos Rivera 0-0: Ball
1-0: SINGLE (Line Drive, 4D)
Alfonso López to second
Runner from 2nd tries for 3rd, SAFE, no throw or cutoff
Batting: RHB José Silva 0-0: Ball
1-0: Ball
2-0: Ball
3-0: Called Strike
3-1: Base on Balls
Marcos Rivera to second
Batting: RHB Bob Wilson 0-0: Grounds into double play, 2-2-3 (Groundball, 13S)
Bottom of the 9th over - 0 run(s), 1 hit(s), 1 error(s), 2 left on base; Myrtle Beach 3 - Sun Prairie 2
This league is powered by Out of the Park Baseball, the baseball management simulation game for PC, Mac and Linux
Friday, July 8th, 2016 - OOTP Baseball 16.9 Build 39